 Dungeon Crawl Stone Soup version 0.29.1-15-g9cfb28693d (webtiles) character file.

Game seed: 14407059374991737594

1468220 Vizrt the Conqueror (level 27, 409/409 HPs)
             Began as a Green Draconian Transmuter on Mar 29, 2023.
             Was the Champion of Makhleb.
             Escaped with the Orb
             ... and 3 runes!
             The game lasted 06:18:15 (98597 turns).

Vizrt the Conqueror (Green Draconian Transmuter)   Turns: 98597, Time: 06:18:15

Health: 409/409    AC: 23    Str: 26    XL:     27
Magic:  46/46      EV: 14    Int: 21    God:    Makhleb [******]
Gold:   2549       SH:  0    Dex: 15    Spells: 3/46 levels left

rFire   + . .      SeeInvis +     - Unarmed
rCold   + . .      Faith    .   (shield currently unavailable)
rNeg    . . .      Spirit   .   (body armour unavailable)
rPois   +          Reflect  .   (helmet currently unavailable)
rElec   +          Harm     .   (cloak currently unavailable)
rCorr   +          Rampage  .   (gloves currently unavailable)
Will    ++...      Archmagi +   (boots currently unavailable)
Stlth   ++........              l - amulet of Tuadghiwi {RegenMP rF+}
HPRegen 0.78/turn               Z - ring "Byor" {rElec rC+ rCorr MP+9 SInv}
MPRegen 0.70/turn               F - ring of the Mage {Wiz Archmagi}

@: dragon-form, flying, studying 3 skills
A: dragon claw, dragon scales, flying, boosted hp, breathe noxious fumes, AC
+13, giant, unfitting armour, stinger 1, (poison resistance), (cold-blooded),
deterioration 1, mutation resistance 1
0: Orb of Zot
}: 3/15 runes: decaying, serpentine, silver
a: Breathe Noxious Fumes, End Transformation, Renounce Religion, Minor
Destruction, Lesser Servant of Makhleb, Major Destruction, Greater Servant of
Makhleb


You escaped.
You worshipped Makhleb.
Makhleb was exalted by your worship.
You were a fearsome swamp dragon!
You visited 10 branches of the dungeon, and saw 50 of its levels.
You visited the Abyss 1 time.
You visited 2 bazaars.
You also visited: Sewer and Ossuary.

You collected 9579 gold pieces.
You spent 7030 gold pieces at shops.

Inventory:

Hand Weapons
 y - the +11 war axe of Inconvenience (melded) {flame, Fragile rElec Will+++ SInv}
   (You found it on level 4 of the Vaults)

   It burns those it strikes, dealing additional fire damage.
   Big, fiery blades are also staple armaments of hydra-hunters.
   rElec:     It insulates you from electricity.
   SInv:      It lets you see invisible.
   Fragile:   It will be destroyed if unequipped.
   Will:      It greatly increases your willpower.
Armour
 H - a scarf of resistance (melded)
 J - a +2 pair of boots of flying (melded)
 K - the +2 hood of the Assassin (melded) {Detection Stab+ Stlth++}
   (You found it on level 3 of the Crypt)

   It allows the wearer to sense nearby creatures.
   It allows the wearer to make particularly effective stabbing attacks against
   helpless or unaware enemies with any weapon.
   Stlth:     It makes you much more stealthy.
 V - a +2 pair of gloves of strength (melded)
Jewellery
 e - the ring of Awe {rF+ Str+5 SInv}
   (You took it off a deep elf high priest on level 3 of the Elven Halls)

   [ring of see invisible]

   Str:       It affects your strength (+5).
   rF:        It protects you from fire.
   SInv:      It lets you see invisible.
 l - the amulet of Tuadghiwi (around neck) {RegenMP rF+}
   (You bought it in a shop on level 2 of the Elven Halls)

   [amulet of magic regeneration]

   It increases your rate of magic regeneration.
   rF:        It protects you from fire.
 p - a +4 ring of slaying
 r - a +6 ring of intelligence
 u - the ring "Fydd" {rN+ rCorr}
   (You took it off a deep elf annihilator on level 3 of the Elven Halls)

   [ring of positive energy]

   rN:        It protects you from negative energy.
   rCorr:     It protects you from acid and corrosion.
 v - a ring of willpower
 F - the ring of the Mage (right foreclaw) {Wiz Archmagi}
   (You took it off a necromancer on level 5 of the Vaults)

   [ring of wizardry]

   It improves your spell success rate.
   Archmagi:  It increases the power of your magical spells.
 O - the ring "Tetsealolo" {Ice rElec Str+4}
   (You bought it in a shop in a bazaar)

   [ring of ice]

   It enhances your ice magic.
   Str:       It affects your strength (+4).
   rF:        It makes you vulnerable to fire.
   rC:        It protects you from cold.
   rElec:     It insulates you from electricity.
 T - the ring of Lies {Will+ rCorr}
   (You bought it in a shop on level 2 of the Elven Halls)

   [ring of resist corrosion]

   rCorr:     It protects you from acid and corrosion.
   Will:      It increases your willpower.
 W - the ring "Byotegre" {rF+ MP+9}
   (You bought it in a shop in a bazaar)

   [ring of magical power]

   rF:        It protects you from fire.
   MP:        It affects your magic capacity (+9).
 Y - a +4 ring of protection
 Z - the ring "Byor" (left foreclaw) {rElec rC+ rCorr MP+9 SInv}
   (You found it on level 1 of the Realm of Zot)

   [ring of resist corrosion]

   rC:        It protects you from cold.
   rElec:     It insulates you from electricity.
   MP:        It affects your magic capacity (+9).
   SInv:      It lets you see invisible.
   rCorr:     It protects you from acid and corrosion.
Wands
 i - a wand of mindburst (32)
 t - a wand of acid (6)
 C - a wand of polymorph (39)
 L - a wand of iceblast (70)
 P - a wand of charming (28)
 U - a wand of digging (7)
Scrolls
 h - 10 scrolls of blinking
 j - 8 scrolls of immolation
 k - 4 scrolls of vulnerability
 m - 17 scrolls of fear
 n - 3 scrolls of silence
 o - 10 scrolls of butterflies
 q - 26 scrolls of teleportation
 B - 14 scrolls of poison
 M - 4 scrolls of magic mapping
Potions
 c - 12 potions of lignification
 d - 6 potions of brilliance
 f - 20 potions of curing
 g - 10 potions of heal wounds
 s - 10 potions of attraction
 x - 7 potions of haste
 z - 13 potions of might
 A - 9 potions of ambrosia
 D - 10 potions of mutation
 E - 7 potions of invisibility
 I - 3 potions of cancellation
 Q - 2 potions of magic
 R - 10 potions of resistance
 S - 3 potions of berserk rage
Miscellaneous
 a - a condenser vane
 b - a lightning rod (4/4)
 w - a tin of tremorstones (2/2)
 G - a phial of floods
 N - a box of beasts
 X - a phantom mirror


   Skills:
 O Level 27 Fighting
 - Level 15.0 Dodging
 - Level 10.0 Stealth
 + Level 21.6 Unarmed Combat
 - Level 10.0 Spellcasting
 - Level 9.0 Necromancy
 - Level 18.0 Translocations
 - Level 18.0 Transmutations
 - Level 6.0 Ice Magic
 - Level 18.0 Air Magic
 - Level 5.0 Poison Magic
 - Level 15.0 Invocations
 - Level 10.0 Evocations


You had 3 spell levels left.
You knew the following spells:

 Your Spells              Type           Power      Damage    Failure   Level
a - Wereblood             Tmut           92%        N/A       0%          2
b - Manifold Assault      Tloc           92%        N/A       1%          5
c - Dragon Form           Tmut           46%        N/A       1%          7
d - Storm Form            Tmut/Air       46%        N/A       1%          7
e - Passage of Golubria   Tloc           92%        N/A       1%          4
f - Yara's Violent Unrav  Hex/Tmut       32%        3d13      1%          5
g - Sublimation of Blood  Necr           64%        N/A       1%          2
h - Poisonous Vapours     Pois/Air       100%       N/A       1%          2
i - Necrotise             Necr           100%       1d9       1%          1
o - Blink                 Tloc           100%       N/A       0%          2
p - Swiftness             Air            92%        N/A       0%          3
z - Ozocubu's Armour      Ice            52%        N/A       1%          3

Your spell library contained the following spells:

 Spells                   Type           Power      Damage    Failure   Level
 Beastly Appendage        Tmut           100%       N/A       0%          1
 Freeze                   Ice            100%       1d11      1%          1
 Shock                    Conj/Air       100%       1d9       1%          1
 Sting                    Tmut/Pois      100%       1d8       1%          1
 Ensorcelled Hibernation  Hex/Ice        68%        N/A       1%          2
 Passwall                 Tmut/Erth      53%        N/A       1%          2
 Static Discharge         Conj/Air       64%        3-11/arc  1%          2
 Frozen Ramparts          Ice            100%       1d16      1%          3
 Ignite Poison            Fire/Tmut/Pois 59%        N/A       1%          3
 Mephitic Cloud           Conj/Pois/Air  59%        N/A       1%          3
 Portal Projectile        Hex/Tloc       100%       N/A       1%          3
 Spider Form              Tmut/Pois      73%        N/A       1%          3
 Vampiric Draining        Necr           64%        2d10      1%          3
 Magic Dart               Conj           60%        1d6       2%          1
 Slow                     Hex            60%        N/A       2%          1
 Summon Small Mammal      Summ           60%        N/A       2%          1
 Searing Ray              Conj           30%        2d5       4%          2
 Call Canine Familiar     Summ           15%        N/A       8%          3
 Confusing Touch          Hex            15%        N/A       8%          3
 Conjure Flame            Conj/Fire      15%        6-21      8%          3
 Dazzling Flash           Conj/Hex       30%        N/A       8%          3
 Inner Flame              Hex/Fire       15%        N/A       8%          3
 Summon Guardian Golem    Hex/Summ       15%        N/A       8%          3
 Tukima's Dance           Hex            15%        N/A       8%          3
 Airstrike                Air            46%        2d(7-23)  1%          4
 Animate Dead             Necr           64%        N/A       1%          4
 Corpse Rot               Necr/Pois/Air  70%        N/A       1%          4
 Ice Form                 Ice/Tmut       74%        N/A       1%          4
 Iskenderun's Mystic Bla  Conj/Tloc      64%        2d13      1%          4
 Petrify                  Tmut/Erth      64%        N/A       1%          4
 Summon Lightning Spire   Summ/Air       64%        N/A       1%          4
 Agony                    Necr           64%        N/A       1%          5
 Alistair's Intoxication  Tmut/Pois      48%        N/A       1%          5
 Blade Hands              Tmut           46%        N/A       1%          5
 Irradiate                Conj/Tmut      32%        3d22      1%          5
 Lightning Bolt           Conj/Air       32%        1d49      1%          5
 Silence                  Hex/Air        32%        N/A       1%          5
 Summon Forest            Summ/Tloc      32%        N/A       1%          5
 Dispersal                Tloc           46%        N/A       1%          6
 Freezing Cloud           Conj/Ice/Air   30%        6-21      2%          5
 Olgreb's Toxic Radiance  Pois           47%        N/A       3%          4
 Eringya's Noxious Bog    Tmut/Pois      36%        N/A       3%          6
 Anguish                  Hex/Necr       22%        N/A       4%          4
 Hailstorm                Conj/Ice       34%        3d9       8%          4
 Summon Ice Beast         Ice/Summ       34%        N/A       8%          4
 Death Channel            Necr           32%        N/A       10%         6
 Statue Form              Tmut/Erth      42%        N/A       10%         6
 Disjunction              Tloc           46%        N/A       11%         8
 Maxwell's Capacitive Co  Air            46%        ∞         11%         8
 Borgnjor's Vile Clutch   Necr/Erth      22%        N/A       12%         5
 Simulacrum               Ice/Necr       29%        N/A       17%         6
 Metabolic Englaciation   Hex/Ice        17%        N/A       21%         5
 Cause Fear               Hex            7%         N/A       26%         4
 Flame Wave               Conj/Fire      15%        2d7       26%         4
 Fulminant Prism          Conj/Hex       7%         3d7       26%         4
 Leda's Liquefaction      Hex/Erth       7%         N/A       26%         4
 Iskenderun's Battlesphe  Conj           15%        2d7       54%         5
 Lee's Rapid Deconstruct  Erth           7%         3d8*      54%         5
 Summon Mana Viper        Hex/Summ       15%        N/A       54%         5
 Ozocubu's Refrigeration  Ice            26%        4d13      86%         7
 Iron Shot                Conj/Erth      7%         9d2       98%         6
 Starburst                Conj/Fire      7%         6d4       98%         6
 Summon Cactus Giant      Summ           7%         N/A       98%         6
 Infestation              Necr           32%        N/A       98%         8
 Enfeeble                 Hex            7%         N/A       100%        7
 Orb of Destruction       Conj           7%         9d6       100%        7
 Spellforged Servitor     Conj/Summ      7%         N/A       100%        7
 Summon Hydra             Summ           7%         N/A       100%        7
 Discord                  Hex            7%         N/A       100%        8
 Lehudib's Crystal Spear  Conj/Erth      7%         10d3      100%        8
 Chain Lightning          Conj/Air       32%        3d42      100%        9
 Death's Door             Necr           32%        N/A       100%        9
 Dragon's Call            Summ           7%         N/A       100%        9
 Fire Storm               Conj/Fire      7%         8d2       100%        9
 Polar Vortex             Ice            26%        N/A       100%        9


Dungeon Overview and Level Annotations

Branches:
Dungeon (15/15)            Temple (0/1) D:7            Lair (5/5) D:8
  Swamp (4/4) Lair:2        Snake (4/4) Lair:3        Slime (0/5) Lair:5
    Orc (2/2) D:11            Elf (3/3) Orc:2        Vaults (5/5) D:14
  Crypt (3/3) Vaults:3       Tomb (0/3) Crypt:3      Depths (4/4) D:15
    Zot (5/5) Depths:4      Sewer (visited)         Ossuary (visited)

Altars:
Fedhas
Kikubaaqudgha
Makhleb
Okawaru
Sif Muna
Trog
Vehumet
Wu Jian
Xom

Shops:
D:8 :   D:14 ?[[?[   Orc:2 *:[!   Elf:2 (=::*   Elf:3 (   Snake:4 [([?
Vaults:1 *

Portals:
Hell: Depths:1 Depths:2 Depths:3 Depths:4
Abyss: Swamp:1 Depths:1 Depths:3 Depths:4
Pandemonium: Depths:1 Depths:2
Ziggurat: Depths:3

Annotations:
Swamp:1 2 transporters, Axikluogo's ghost, adept MiCA
Vaults:3 Nornya's ghost, veteran MfSu
Crypt:2 1 runed translucent door, 1 transporter, rrossfarrar's ghost, veteran BaFi


Innate Abilities, Weirdness & Mutations

You are a fearsome swamp dragon!
You have a powerful clawing attack.
Your giant scaled body is strong and resiliant, but less evasive.
Your breath weapon is enhanced in this form.
You are flying.
Your maximum health is greatly increased.
Your armour is entirely melded.
You are incapable of wielding weapons or throwing items.
You can breathe blasts of noxious fumes.
Your lurid green scales are hard. (AC +13)
You cannot fit into any form of body armour.
Your tail ends in a venomous barb.
((Your system is resistant to poisons. (rPois)))
((You are cold-blooded and may be slowed by cold attacks.))
Your body sometimes deteriorates upon taking damage.
You are somewhat resistant to further mutation.


Message History

Things that are here:
a +0 robe; a +0 dagger You roar as the wereblood boils in your veins!
You roar as the wereblood boils in your veins!
Your primal bloodlust is almost over.
There is a stone staircase leading up, spattered with blood here.
You fly upwards.
Your transformation is almost over.
There is a stone staircase leading down here.
You feel a surge of power!
You extend your transformation's duration.
(D) Dungeon (T) Temple (L) Lair (S) Swamp (P) Snake Pit (M) Slime Pits (O) Orcish Mines (E) Elven Halls (V) Vaults (C) Crypt (W) Tomb (U) Depths (H) Hell (Z) Zot
Where to? (Enter - D:1 @ (x,y), ? - help)
A glowing orange brain comes into view.
Your primal bloodlust has ended.
The glowing orange brain blinks!
There is a stone staircase leading up here.
You fly upwards.
There is a stone staircase leading down here.
(D) Dungeon (T) Temple (L) Lair (S) Swamp (P) Snake Pit (M) Slime Pits (O) Orcish Mines (E) Elven Halls (V) Vaults (C) Crypt (W) Tomb (U) Depths (H) Hell (Z) Zot
Where to? (Enter - D:1 @ (x,y), ? - help)
What level of the Dungeon? (default 1, ? - help) Magic restored.
There is a stone staircase leading up here.
You fly upwards.
There is a stone staircase leading down here.
There is a stone staircase leading up here.
You fly upwards.
There is a stone staircase leading down here.
There is a staircase leading out of the dungeon here.
There is a staircase leading out of the dungeon here.
You can't go down here!
Unknown command.
You have escaped!

....##...#.#.#.#.#.#.#.#...###.##
#########...............##.#.....
#......#..........#.######
##.......#.......##.# #
#.....#....#......#.# #
##...........#...##.## #
#....#.#.#.#...#..#..##
##...............###..###
#...#..#.D.#..#...###...##
##...............## ###...
#..#...#.#.#.#....# ###.
##...#...........## #.
#......#....#.....# #.
##.......#.......## ##
#..........#......# #
####....)..........#### #
#...#.#[#.#.#.#.#.#...# #


There were no monsters in sight!

Vanquished Creatures
  A pandemonium lord (Depths:4)
  4 dread liches
  The ghost of Mikey69 the Conqueror, a legendary DsBe of Trog (Zot:2)
  5 ancient liches
  7 orbs of fire
  Mennas (Vaults:3)
  The ghost of Gupaxyh the Wrestler, a veteran TrCA of Jiyva (Zot:1)
  Boris (thrice) (Vaults:3 Depths:4 Zot:4)
  5 Killer Klowns (Zot:5)
  Vashnia (Snake:4)
  Vv (Depths:4)
  Xtahua (Vaults:5)
  4 curse toes
  15 golden dragons
  4 caustic shrikes (Depths:3)
  Nikola (Swamp:2)
  2 bone dragons
  2 electric golems (Zot:5)
  13 tentacled monstrosities
  A Brimstone Fiend (Depths:4)
  A Hell Sentinel (Zot:2)
  2 walking earthen tomes (Depths:3)
  4 liches
  3 titans (Vaults:5)
  Rupert (D:15)
  29 Orb Guardians
  Mlioglotl (Snake:4)
  4 deep elf blademasters
  An acid blob (shapeshifter) (Depths:2)
  12 quicksilver dragons
  Asterion (Vaults:2)
  2 deep elf master archers (Elf:3)
  A tentacled starspawn (Abyss:2)
  Agnes (Elf:2)
  Frances (D:14)
  An Executioner (D:15)
  7 death cobs
  7 draconian monks
  The ghost of Sagen the Devastator, an adept DrCj of Vehumet (Snake:1)
  A storm dragon (shapeshifter) (Abyss:2)
  17 storm dragons
  A shadow dragon (shapeshifter) (Depths:2)
  11 shadow dragons
  6 tengu reavers
  8 sphinxes
  4 revenants
  Donald (Snake:3)
  6 nagarajas
  Roxanne (D:15)
  A demonspawn warmonger (Zot:1)
  3 fenstrider witches
  3 iron dragons
  14 vault wardens
  Aizul (Snake:4)
  3 draconian knights
  4 deep elf sorcerers
  6 frost giants
  10 draconian scorchers
  3 fire giants
  6 draconian shifters
  A ghost moth (Zot:4)
  Louise (D:15)
  A cacodemon (D:12)
  A balrug (Zot:1)
  2 orc warlords
  14 ironbound preservers
  7 deep elf elementalists
  5 ghouls
  A demonspawn corrupter (Zot:1)
  3 curse skulls
  A spriggan defender (Depths:2)
  11 draconian annihilators
  5 draconian stormcallers
  2 reapers
  The ghost of Vizrt the Blocker, a journeyman GnFi of Okawaru (Lair:5)
  A demonspawn blood saint (Zot:1)
  13 war gargoyles
  29 very ugly things
  6 ironbound thunderhulks
  2 caustic shrike skeletons (Crypt:3)
  4 vampire knights (Crypt:2)
  9 deep elf demonologists
  10 stone giants
  18 green draconians
  A lorocyproca (Zot:2)
  4 entropy weavers
  17 black draconians
  16 purple draconians
  23 white draconians
  A demonspawn black sun (Zot:1)
  9 spark wasps
  9 deep elf annihilators
  3 eleionomae
  15 red draconians
  8 yellow draconians
  An eleionoma (shapeshifter) (Depths:2)
  A dire elephant (shapeshifter) (Depths:2)
  11 dire elephants
  2 bunyips (Swamp:2)
  An iron golem (Depths:2)
  7 deep elf death magi
  2 blizzard demons
  9 ettins
  3 crystal guardians
  2 eidola
  A fire dragon (shapeshifter) (Depths:2)
  A quicksilver dragon zombie (Crypt:2)
  8 fire dragons
  3 jiangshi (Crypt:1)
  A great orb of eyes (shapeshifter) (Depths:2)
  7 deep elf high priests
  Josephine (D:12)
  A spriggan zombie (Crypt:3)
  A boulder beetle (Vaults:2)
  10 yaktaur captains
  Fannar (Orc:1)
  6 great orbs of eyes
  4 peacekeepers
  3 hell beasts
  12 ice dragons
  2 rakshasas (Depths:1)
  9 ironbound frosthearts
  12 hydras
  3 salamander tyrants
  37 vault guards
  Harold (Lair:2)
  4 ghost crabs
  7 spriggan air magi
  A fenstrider witch skeleton (Crypt:3)
  18 anacondas
  A spriggan skeleton (Crypt:3)
  An ogre mage (Vaults:3)
  14 centaur warriors
  5 death knights
  2 deep troll shamans (Depths:2)
  10 alligators
  9 two-headed ogres
  18 naga warriors
  A hell hog (Depths:1)
  4 orc high priests
  42 dancing weapons
  9 tengu warriors
  4 deep troll earth magi
  8 death yaks
  Urug (D:9)
  6 spriggan berserkers
  5 hell knights (Depths:3)
  13 naga sharpshooters
  A thrashing horror (Abyss:2)
  6 vampire magi
  9 shock serpents
  20 deep elf knights
  6 soul eaters
  5 sun demons
  5 fire crabs (D:11)
  5 salamander mystics
  2 iron trolls
  A sixfirhy (Abyss:2)
  4 wretched stars (Abyss:2)
  A sea snake (Snake:4)
  2 spectral death yaks (Lair:5)
  2 flayed ghosts (Crypt:2)
  30 skeletal warriors
  5 glowing orange brains
  A quicksilver dragon simulacrum (Depths:3)
  A shadow demon (Zot:1)
  3 death drakes (Depths:4)
  4 spriggan druids
  A death drake (shapeshifter) (Depths:2)
  A shadow wraith (Crypt:2)
  54 deep trolls
  9 goliath frogs
  16 deep elf archers
  A swamp dragon (shapeshifter) (Vaults:5)
  10 bog bodies
  3 sea snakes (shapeshifter)
  A spectral anaconda (Lair:5)
  10 swamp dragons
  4 spectral hydras (Swamp:4)
  2 spriggan simulacra (Depths:1)
  A deep troll (shapeshifter) (Depths:2)
  3 starcursed masses (Abyss:2)
  7 naga ritualists
  12 phantasmal warriors
  6 wizards
  8 orc knights
  5 obsidian statues
  15 ironbound convokers
  34 deep elf pyromancers
  8 necromancers
  A jorogumo zombie (Crypt:2)
  12 lindwurms
  2 harpies (Depths:4)
  A shadow dragon zombie (Depths:1)
  14 mana vipers
  8 orc sorcerers
  25 deep elf zephyrmancers
  35 ugly things
  A mana viper (shapeshifter) (Depths:2)
  A shining eye (shapeshifter) (Depths:2)
  12 oklob plants
  25 salamanders
  2 iron dragon skeletons
  A manticore (D:15)
  A moth of wrath (shapeshifter) (Depths:2)
  6 will-o-the-wisps
  18 moths of wrath
  2 worldbinders (Abyss:2)
  2 spectral boulder beetles (Lair:5)
  4 cyclopes
  8 fire giant skeletons (Crypt:3)
  An apocalypse crab (D:11)
  11 elephants
  2 stone giant skeletons
  6 guardian serpents
  A black mamba (shapeshifter) (Elf:1)
  11 vault sentinels
  Joseph (D:7)
  2 molten gargoyles (Depths:2)
  21 naga magi
  7 gargoyles
  2 torpor snails (Lair:2)
  49 black mambas
  An orange demon (D:12)
  Maggie (D:7)
  An alligator snapping turtle zombie (Crypt:3)
  18 cane toads
  24 yaktaurs
  12 rime drakes
  3 centaur skeletons
  A purple draconian zombie (Crypt:1)
  An unseen horror (D:12)
  An iron troll zombie (Crypt:1)
  2 ice devils
  A tengu conjurer (D:13)
  An ancient zyme (Abyss:2)
  10 komodo dragons
  3 freezing wraiths
  A guardian mummy (Crypt:3)
  4 hydra zombies
  7 swamp worm zombies (Swamp:4)
  A green draconian skeleton (Crypt:2)
  3 polar bears
  5 bloated husks (Swamp:4)
  8 trolls
  A merfolk (shapeshifter) (Vaults:5)
  A harpy zombie (Crypt:2)
  3 meliai (D:13)
  A queen bee (D:13)
  15 hornets
  38 slime creatures
  2 harpy skeletons (Crypt:3)
  2 wind drakes (Depths:2)
  15 blink frogs
  2 alligator zombies (Swamp:4)
  7 tyrant leeches
  4 dream sheep (Lair:2)
  2 dream sheep (shapeshifter) (Depths:2)
  8 raiju (Depths:2)
  A jumping spider zombie (Crypt:2)
  4 flying skulls (Crypt:1)
  2 dire elephant simulacra (Crypt:2)
  Sigmund (D:4)
  9 air elementals
  3 shadows (Crypt:3)
  An ettin skeleton (Crypt:3)
  A centaur simulacrum (D:14)
  2 vampires
  43 yaks
  20 spriggans
  16 wraiths
  8 fire dragon skeletons (Crypt:3)
  2 black mamba skeletons (Crypt:3)
  A tyrant leech zombie (Crypt:1)
  11 water elementals
  3 ynoxinuls (Abyss:2)
  2 ushabtiu (Crypt:3)
  2 wyverns
  A chaos spawn (Abyss:2)
  6 humans (D:14)
  2 redbacks (shapeshifter)
  4 basilisks
  15 fire elementals
  4 large abominations (Abyss:2)
  7 steam dragons
  5 redbacks
  4 vampire mosquitoes (Swamp:4)
  2 death yak simulacra (Lair:5)
  9 wargs
  41 nagas
  2 neqoxecs
  15 swamp worms
  3 spectral cane toads (Lair:5)
  A naga zombie (Crypt:1)
  11 water moccasins
  2 acid dragons
  A two-headed ogre skeleton (Crypt:1)
  A water nymph skeleton (Crypt:2)
  A black bear (D:5)
  30 orc warriors
  3 small abominations (Abyss:2)
  2 ice beasts
  6 ogres
  2 swamp drakes
  2 sky beasts (D:6)
  4 boggarts (Vaults:1)
  4 swamp dragon zombies (Swamp:4)
  24 wolves
  A centaur (D:8)
  An elephant skeleton (Lair:5)
  3 phantoms (Swamp:4)
  4 elf zombies (Ossuary)
  A golden eye zombie (Crypt:2)
  5 kobold brigands
  11 bullfrogs
  Blork the orc (D:4)
  2 gnoll sergeants
  2 necrophages
  A cane toad simulacrum (Lair:5)
  A scorpion (D:3)
  6 earth elementals
  A salamander skeleton (Crypt:1)
  5 wights
  A polar bear zombie (Crypt:1)
  A cyclops skeleton (Crypt:1)
  2 elephant simulacra (Lair:5)
  37 killer bees
  7 electric eels
  4 howler monkeys
  7 centaur zombies
  3 human zombies
  2 hounds
  18 orc priests
  2 gnoll boudas
  2 jellies
  An iron imp (Abyss:2)
  8 iguanas
  Natasha (thrice) (D:2)
  20 orc wizards
  3 spectral swamp drakes (Swamp:4)
  8 mummies
  21 gnolls
  12 adders
  3 river rats (Sewer)
  7 white imps
  2 ufetubi
  11 worms
  3 dart slugs
  81 orcs
  10 ball pythons
  10 bats
  A bat zombie (Crypt:2)
  13 endoplasms
  5 giant cockroaches
  7 goblins
  5 hobgoblins
  A jackal (D:2)
  16 kobolds
  3 quokkas
  5 frilled lizards
  A jackal zombie (Crypt:2)
  6 rats
  6 ball lightnings (Depths:2)
  2 bushes (Zot:4)
  A fungus (Zot:4)
  2 starspawn tentacles (Abyss:2)
2446 creatures vanquished.

Vanquished Creatures (collateral kills)
  A great orb of eyes (Vaults:3)
1 creature vanquished.

Vanquished Creatures (others)
  A draconian shifter (Zot:1)
  A spectral hydra (Swamp:4)
  A deep elf zephyrmancer (Elf:1)
  A yaktaur (Vaults:4)
  An air elemental (Depths:2)
  5 water elementals (Depths:2)
  2 humans (D:14)
  A phantom (Swamp:4)
  2 orc wizards (Orc:1)
  A ball lightning (Depths:2)
  2 demonic plants (Abyss:2)
  18 foxfires
  58 fungi
  59 plants
  A starspawn tentacle (Abyss:2)
  34 withered plants
188 creatures vanquished.

Grand Total: 2635 creatures vanquished

Notes
Turn   | Place    | Note
-------+----------+-------------------------------------------
     0 | D:1      | Vizrt the Draconian Transmuter began the quest for the Orb.
     0 | D:1      | Reached XP level 1. HP: 16/16 MP: 3/3
   505 | D:1      | Reached XP level 2. HP: 23/23 MP: 5/5
   508 | D:1      | Learned a level 2 spell: Wereblood
   660 | D:1      | You fall into a shaft and drop 1 floor!
   919 | D:2      | Noticed Natasha
   924 | D:1      | Reached XP level 3. HP: 25/28 MP: 4/6
   969 | D:2      | Killed Natasha
  1082 | D:2      | Found a burning altar of Makhleb.
  1105 | D:2      | Became a worshipper of Makhleb the Destroyer
  1372 | D:2      | Reached XP level 4. HP: 32/35 MP: 4/7
  1416 | D:2      | Noticed Natasha
  1447 | D:2      | Killed Natasha
  1660 | D:2      | Reached * piety under Makhleb
  1675 | D:2      | Noticed Natasha
  1686 | D:2      | Killed Natasha
  1687 | D:2      | Reached XP level 5. HP: 25/40 MP: 6/8
  1938 | D:2      | Identified the +1 cloak of the Desert {rCorr Int+4}
  1950 | D:2      | Learned a level 4 spell: Ice Form
  2212 | D:3      | Reached skill level 5 in Transmutations
  2212 | D:3      | Reached XP level 6. HP: 47/47 MP: 5/9
  2496 | D:3      | Found a faded altar of an unknown god.
  3227 | D:4      | Noticed Blork the orc
  3242 | D:4      | Killed Blork the orc
  3243 | D:4      | Reached skill level 5 in Unarmed Combat
  3665 | D:4      | Noticed Sigmund
  3694 | D:4      | Killed Sigmund
  3695 | D:4      | Your scales start taking on a lurid green colour.
  3695 | D:4      | Reached XP level 7. HP: 52/52 MP: 7/10
  3695 | D:4      | Gained mutation: Your system is resistant to poisons.
                  | (rPois) [Green Draconian growth]
  3861 | D:4      | Reached ** piety under Makhleb
  4728 | D:5      | Entered Level 5 of the Dungeon
  5060 | D:5      | Learned a level 2 spell: Poisonous Vapours
  5205 | D:5      | Reached skill level 1 in Poison Magic
  5362 | D:5      | Found a sand-covered staircase.
  5385 | Ossuary  | Entered an ossuary
  5457 | Ossuary  | Reached skill level 1 in Air Magic
  5477 | Ossuary  | Reached XP level 8. HP: 59/59 MP: 8/11
  6322 | D:6      | Reached *** piety under Makhleb
  6474 | D:5      | Reached XP level 9. HP: 48/64 MP: 0/12
  6639 | D:6      | Found a glowing drain.
  6657 | Sewer    | Entered a sewer
  7824 | D:6      | Reached skill level 5 in Poison Magic
  8482 | D:6      | Reached **** piety under Makhleb
  8483 | D:6      | Reached skill level 5 in Air Magic
  8935 | D:5      | Reached skill level 1 in Ice Magic
  9301 | D:7      | Noticed Maggie
  9366 | D:7      | Killed Maggie
  9761 | D:7      | Found an ornate altar of the Wu Jian Council.
  9926 | D:7      | Noticed Joseph
  9949 | D:7      | Killed Joseph
  9950 | D:7      | Reached XP level 10. HP: 68/71 MP: 4/13
 10163 | D:7      | Found a staircase to the Ecumenical Temple.
 10657 | D:8      | Found Popeleas's Book Shop.
 10964 | D:8      | Found a staircase to the Lair.
 11251 | Lair:1   | Entered Level 1 of the Lair of Beasts
 11267 | D:8      | Reached skill level 5 in Ice Magic
 11672 | Lair:1   | Noticed a cane toad
 11685 | Lair:1   | Killed a cane toad
 11760 | Lair:1   | Identified the +3 rapier of Evisceration {antimagic, rElec
                  | Will+ Str-4 Int+4 Stlth+}
 11823 | Lair:1   | Noticed a cane toad
 11831 | Lair:1   | Killed a cane toad
 11946 | Lair:1   | Reached skill level 10 in Transmutations
 12208 | Lair:1   | Reached skill level 10 in Unarmed Combat
 12491 | Lair:1   | Noticed a cane toad
 12498 | Lair:1   | Killed a cane toad
 12589 | Lair:1   | Noticed a black mamba
 12602 | Lair:1   | Killed a black mamba
 12603 | Lair:1   | Reached XP level 11. HP: 24/77 MP: 11/15
 13182 | Lair:1   | Learned a level 5 spell: Blade Hands
 13373 | Lair:2   | Noticed a death yak
 14547 | Lair:2   | Found a staircase to the Swamp.
 14616 | Lair:2   | Noticed Harold
 14988 | Lair:2   | Killed a death yak
 14989 | Lair:2   | Reached skill level 5 in Dodging
 15155 | Lair:2   | Killed Harold
 15156 | Lair:2   | Reached skill level 2 in Fighting
 15156 | Lair:2   | Reached XP level 12. HP: 79/85 MP: 10/16
 15684 | Lair:3   | Noticed a four-headed hydra
 15713 | Lair:2   | Reached skill level 3 in Fighting
 15756 | Lair:3   | Killed a four-headed hydra
 15924 | Lair:3   | Found a staircase to the Snake Pit.
 15933 | Lair:3   | Reached ***** piety under Makhleb
 15953 | Lair:3   | Reached skill level 4 in Fighting
 16731 | Lair:3   | Reached skill level 5 in Fighting
 17235 | Lair:4   | Reached skill level 6 in Fighting
 17500 | Lair:4   | Identified the +0 flail of Evil {holy, Fly rC- Int+4}
 17538 | Lair:4   | Identified the +2 robe of Delightful Curiosity {rC+}
 17752 | Lair:4   | Reached skill level 7 in Fighting
 17897 | Lair:4   | Noticed a fire dragon
 18120 | Lair:4   | Noticed a death yak
 18120 | Lair:4   | Noticed a death yak
 18120 | Lair:4   | Noticed a death yak
 18120 | Lair:4   | Noticed a death yak
 18120 | Lair:4   | Noticed a death yak
 18139 | Lair:3   | Killed a death yak
 18458 | Lair:2   | Killed a death yak
 18466 | Lair:3   | Killed a death yak
 18556 | Lair:3   | Killed a death yak
 18595 | Lair:4   | Killed a death yak
 18736 | Lair:4   | Reached XP level 13. HP: 90/105 MP: 12/20
 18758 | Lair:4   | Reached skill level 5 in Spellcasting
 18931 | Lair:4   | Killed a fire dragon
 19074 | Lair:4   | Identified the +0 leather armour "Irucvan" {Will+}
 19274 | Lair:4   | Identified the +9 mace of Yberad {vorpal, Fly rC+ Stlth+}
 19476 | Lair:5   | Entered Level 5 of the Lair of Beasts
 19817 | Lair:5   | Found a staircase to the Slime Pits.
 19824 | Lair:5   | Identified the +0 plate armour of Uxitopn {rN+ Str+5}
 20074 | Lair:5   | Found a runed translucent gate.
 20074 | Lair:5   | Found a runed translucent gate.
 20074 | Lair:5   | Found a runed translucent gate.
 20575 | Lair:5   | Reached skill level 10 in Air Magic
 20875 | Lair:5   | Noticed Vizrt's ghost (journeyman GnFi)
 21007 | Lair:5   | Noticed a dire elephant
 21007 | Lair:5   | Noticed a dire elephant
 21040 | Lair:5   | Noticed a dire elephant
 21040 | Lair:5   | Noticed a dire elephant
 21689 | Lair:5   | Killed a dire elephant
 21884 | Lair:5   | Killed a dire elephant
 22133 | Lair:5   | Killed a dire elephant
 22278 | Lair:5   | Gained mutation: Your tail ends in a venomous barb. [Green
                  | Draconian growth]
 22278 | Lair:5   | Reached XP level 14. HP: 113/113 MP: 16/21
 22282 | Lair:5   | Reached ****** piety under Makhleb
 23774 | D:9      | Found an iron altar of Okawaru.
 24217 | D:10     | Entered Level 10 of the Dungeon
 24217 | D:10     | Noticed Urug
 24382 | D:9      | Killed Urug
 24558 | D:10     | Found a blossoming altar of Fedhas.
 25348 | D:10     | Found a shimmering blue altar of Sif Muna.
 25348 | D:10     | Found a burning altar of Makhleb.
 25349 | D:10     | Found a shimmering altar of Xom.
 25829 | D:11     | Learned a level 7 spell: Storm Form
 25837 | D:11     | Learned a level 2 spell: Blink
 26017 | D:11     | Found a runed translucent door.
 26430 | D:11     | Found a staircase to the Orcish Mines.
 27501 | D:12     | Noticed Josephine
 27519 | D:12     | Reached skill level 15 in Transmutations
 27537 | D:12     | Killed Josephine
 27851 | D:12     | Identified the +5 great sword "Ywiyvear" {spect, Int+2}
 29046 | D:14     | Found Lefeppal's Magic Scroll Shop.
 29096 | D:14     | Found Bamniuck's Antique Armour Boutique.
 29118 | D:14     | Found Ronan's Armour Shoppe.
 29151 | D:14     | Noticed Frances
 29167 | D:14     | Killed Frances
 29254 | D:14     | Reached XP level 15. HP: 118/118 MP: 8/22
 29330 | D:14     | Found Hacebe's Armour Boutique.
 29349 | D:14     | Bought a +0 pair of boots of flying for 138 gold pieces
 29780 | D:14     | Found Ymiuvuci's Magic Scroll Boutique.
 29827 | D:14     | Bought 3 scrolls of identify for 78 gold pieces
 30070 | D:14     | Found a gate to the Vaults.
 30215 | D:15     | Entered Level 15 of the Dungeon
 30539 | D:15     | Found a staircase to the Depths.
 30592 | D:15     | Noticed Rupert
 30602 | D:15     | HP: 4/118 [Rupert/+0 great mace of protection (40)]
 30608 | D:15     | Killed Rupert
 30912 | D:15     | Noticed Louise
 30942 | D:15     | Killed Louise
 31014 | D:15     | Noticed Roxanne
 31057 | D:15     | Reached skill level 15 in Air Magic
 31093 | D:15     | Killed Roxanne
 31863 | Orc:1    | Entered Level 1 of the Orcish Mines
 31957 | Orc:1    | Noticed an orc warlord
 32075 | Orc:1    | Killed an orc warlord
 32346 | Orc:2    | Entered Level 2 of the Orcish Mines
 32425 | Orc:2    | HP: 5/118 [ettin/+0 dire flail (18)]
 32715 | Orc:2    | Found a staircase to the Elven Halls.
 32896 | Orc:1    | Noticed an orc warlord
 33176 | Orc:2    | Found Vyvyracy's Distillery.
 33176 | Orc:2    | Found Posuk's Armour Shop.
 33231 | Orc:2    | Found Mitodeg's Book Shoppe.
 33231 | Orc:2    | Found Ineatun's Assorted Antiques.
 33621 | Orc:2    | Killed an orc warlord
 33632 | Orc:1    | Noticed Fannar
 33643 | Orc:1    | Killed Fannar
 33708 | Orc:1    | Found a burning altar of Makhleb.
 35782 | Swamp:1  | Entered Level 1 of the Swamp
 35833 | Swamp:1  | Noticed a fenstrider witch
 35835 | Swamp:1  | Paralysed by a fenstrider witch for 4 turns
 35846 | Lair:2   | Killed a fenstrider witch
 35847 | Lair:2   | Reached skill level 8 in Fighting
 36283 | Swamp:1  | Noticed a hellephant
 36313 | Swamp:1  | Reached skill level 9 in Fighting
 36342 | Swamp:1  | Noticed Axikluogo's ghost (adept MiCA)
 36366 | Swamp:1  | Found a transporter.
 36382 | Swamp:1  | Reached XP level 16. HP: 132/132 MP: 18/26
 36384 | Swamp:1  | Found a transporter.
 36710 | Swamp:1  | Found a one-way gate to the infinite horrors of the Abyss.
 37480 | Swamp:2  | Found the +5 robe of Night {Dark Will+ SInv}
 37587 | Swamp:2  | Noticed Nikola
 37602 | Swamp:2  | Killed Nikola
 38255 | Swamp:3  | Learned a level 3 spell: Swiftness
 39132 | Snake:1  | Entered Level 1 of the Snake Pit
 39134 | Snake:1  | Found a gateway to a bazaar.
 39157 | Snake:1  | Found a transporter.
 39161 | Snake:1  | Noticed Sagen's ghost (adept DrCj)
 39179 | Snake:1  | Found a transporter.
 40346 | Snake:1  | Reached skill level 1 in Invocations
 41044 | Snake:2  | Reached XP level 17. HP: 139/139 MP: 30/30
 41591 | Snake:2  | Reached skill level 10 in Fighting
 42284 | Snake:3  | Noticed Donald
 42293 | Snake:3  | Killed Donald
 42974 | Snake:3  | Reached skill level 5 in Invocations
 43369 | Snake:3  | Learned a level 5 spell: Manifold Assault
 43384 | Snake:4  | Entered Level 4 of the Snake Pit
 43565 | Snake:4  | Reached skill level 11 in Fighting
 43609 | Snake:4  | Noticed Mlioglotl
 43617 | Snake:4  | Killed Mlioglotl
 43622 | Snake:4  | Noticed Vashnia
 43696 | Snake:4  | Found Foaboha's Magic Scroll Shoppe.
 43696 | Snake:4  | Found Famisius's Antique Armour Emporium.
 43700 | Snake:4  | Found Ketzum's Antique Weapon Shoppe.
 43983 | Snake:4  | Found Qiedwyse's Armour Boutique.
 44440 | Snake:4  | Killed Vashnia
 44648 | Snake:4  | Found a runed translucent gate.
 44659 | Snake:4  | Found a runed translucent gate.
 44661 | Snake:4  | Found a runed translucent gate.
 45037 | Snake:4  | Noticed Aizul
 45048 | Snake:4  | Killed Aizul
 45438 | Snake:4  | Reached XP level 18. HP: 151/151 MP: 28/31
 46010 | Snake:4  | Reached skill level 10 in Invocations
 46024 | Snake:4  | Got a serpentine rune of Zot
 46252 | Lair:5   | Killed Vizrt's ghost
 46253 | Lair:5   | Reached skill level 15 in Unarmed Combat
 46258 | Lair:5   | Reached skill level 1 in Translocations
 47370 | Swamp:4  | Entered Level 4 of the Swamp
 47404 | Swamp:4  | Reached skill level 5 in Translocations
 48947 | Swamp:4  | Noticed a bone dragon
 49131 | Swamp:4  | Killed a bone dragon
 49735 | Swamp:4  | Got a decaying rune of Zot
 50166 | Vaults:1 | Entered Level 1 of the Vaults
 50966 | Vaults:1 | Reached XP level 19. HP: 146/158 MP: 27/32
 51279 | Vaults:1 | Found Zouciud's General Store.
 52378 | Vaults:1 | Reached skill level 10 in Dodging
 52378 | Vaults:1 | Reached skill level 10 in Spellcasting
 53044 | Elf:1    | Entered Level 1 of the Elven Halls
 53739 | Elf:1    | Paralysed by an air elemental for 1 turns
 53777 | Elf:1    | Reached skill level 10 in Translocations
 54808 | Elf:2    | Reached skill level 12 in Fighting
 55436 | Elf:2    | Found a runed translucent gate.
 55437 | Elf:2    | Found a runed translucent gate.
 55437 | Elf:2    | Found a runed translucent gate.
 55460 | Elf:2    | Found a shimmering blue altar of Sif Muna.
 55560 | Elf:2    | Gained mutation: You are occasionally teleported next to
                  | monsters. [a cacodemon]
 55566 | Elf:2    | Noticed a Tzitzimitl
 55868 | Elf:2    | Lost mutation: You are occasionally teleported next to
                  | monsters. [potion of mutation]
 55868 | Elf:2    | Gained mutation: Your spells are a little harder to cast,
                  | but a little more powerful. [potion of mutation]
 56167 | Elf:2    | Found Mogegor's Assorted Antiques.
 56205 | Elf:2    | Bought a steaming jade amulet for 110 gold pieces
 56205 | Elf:2    | Identified the amulet of Tuadghiwi {RegenMP rF+} (You
                  | bought it in a shop on level 2 of the Elven Halls)
 56328 | Elf:2    | Found Falene's Book Shoppe.
 56341 | Elf:2    | Found Reushrol's Jewellery Boutique.
 56343 | Elf:2    | Found Dabas's Book Shoppe.
 56353 | Elf:2    | Bought the ring of Lies {Will+ rCorr} for 554 gold pieces
 56481 | Elf:2    | Found Ekkoenk's Antique Weapon Emporium.
 56498 | Elf:2    | Identified the +1 scale mail "Fytwo" {Rampage rC+ Str+2}
 56662 | Elf:2    | Reached XP level 20. HP: 170/170 MP: 34/34
 57186 | Elf:2    | Noticed Agnes
 57193 | Elf:2    | Killed Agnes
 57653 | Elf:3    | Entered Level 3 of the Elven Halls
 57681 | Elf:3    | Found Ekyronaq's Weapon Shop.
 59321 | Elf:2    | Found Ekkoenk's Antique Weapon Emporium.
 59360 | Elf:2    | Found a shimmering blue altar of Sif Muna.
 59418 | Elf:2    | Found Mogegor's Assorted Antiques.
 59442 | Elf:2    | Found Falene's Book Shoppe.
 59443 | Elf:2    | Found Reushrol's Jewellery Boutique.
 59445 | Elf:2    | Found Dabas's Book Shoppe.
 60116 | Elf:2    | Found a shimmering blue altar of Sif Muna.
 60126 | Elf:2    | Found Mogegor's Assorted Antiques.
 60152 | Elf:2    | Found Falene's Book Shoppe.
 60153 | Elf:2    | Found Reushrol's Jewellery Boutique.
 60155 | Elf:2    | Found Dabas's Book Shoppe.
 60284 | Abyss:2  | Cast into level 2 of the Abyss (a deep elf demonologist)
 60290 | Abyss:2  | Found a shimmering blue altar of Sif Muna.
 60380 | Abyss:2  | Found a shimmering blue altar of Sif Muna.
 60484 | Abyss:2  | Reached skill level 13 in Fighting
 60573 | Abyss:2  | Reached skill level 1 in Stealth
 60655 | Elf:3    | Escaped the Abyss
 60787 | Elf:3    | Identified the ring of Awe {rF+ Str+5 SInv}
 60958 | Elf:3    | Identified the +0 leather armour "Agefrep" {Fly rN+ Will+
                  | Stlth+}
 60958 | Elf:3    | Identified the ring "Fydd" {rN+ rCorr}
 61115 | Elf:3    | Got the Guidebook on the Charming Tempest
 61118 | Elf:3    | Identified the +3 scale mail of the Flying Gods {Int+4
                  | Stlth+}
 61121 | Elf:3    | Identified the +0 helmet "Haecit" {Dex+4}
 61454 | Elf:2    | Found Ekkoenk's Antique Weapon Emporium.
 61756 | Bazaar   | Entered a bazaar
 61770 | Bazaar   | Found Dyeruhe's Antique Armour Emporium.
 61770 | Bazaar   | Found Seom's Magic Scroll Shoppe.
 61792 | Bazaar   | Found Ohon's Book Emporium.
 61792 | Bazaar   | Found Koen's Antique Armour Shoppe.
 61803 | Bazaar   | Bought a book of the Dragon for 414 gold pieces
 61803 | Bazaar   | Bought Great Wizards, Vol. II for 342 gold pieces
 61817 | Bazaar   | Bought a scroll of magic mapping for 97 gold pieces
 61817 | Bazaar   | Bought a scroll of fear for 52 gold pieces
 61817 | Bazaar   | Bought a scroll of amnesia for 52 gold pieces
 61823 | Bazaar   | Bought a pair of glowing gloves for 105 gold pieces
 61840 | Bazaar   | Bought a shiny orb for 276 gold pieces
 61865 | Bazaar   | Found Qokus's Jewellery Emporium.
 61865 | Bazaar   | Found Kepleg's Weapon Shoppe.
 61876 | Bazaar   | Bought a ring of wizardry for 510 gold pieces
 61887 | Bazaar   | Bought the ring "Byotegre" {rF+ MP+9} for 578 gold pieces
 61887 | Bazaar   | Bought the ring "Tetsealolo" {Ice rElec Str+4} for 805 gold
                  | pieces
 61900 | Bazaar   | Found Amuecez's General Store.
 61930 | Bazaar   | Bought a potion of might for 44 gold pieces
 61956 | Snake:1  | Learned a level 5 spell: Yara's Violent Unravelling
 62310 | Vaults:2 | Reached skill level 5 in Stealth
 62369 | Vaults:2 | Found a flickering gateway to a bazaar.
 62378 | Bazaar   | Entered a bazaar
 62378 | Bazaar   | Found Usoipp's Assorted Antiques.
 62378 | Bazaar   | Found Ocsar's Antique Armour Shoppe.
 62378 | Bazaar   | Found Usosuscho's Weapon Shoppe.
 62379 | Bazaar   | Found Nafunys's Weapon Emporium.
 62379 | Bazaar   | Found Hiobro's Weapon Emporium.
 62447 | Bazaar   | Bought a scroll of blinking for 270 gold pieces
 62450 | Bazaar   | Bought a pair of runed gloves for 180 gold pieces
 63632 | Vaults:2 | Reached XP level 21. HP: 180/180 MP: 35/35
 63895 | Vaults:2 | Reached skill level 14 in Fighting
 65324 | Vaults:3 | Noticed Asterion
 65344 | Vaults:2 | Killed Asterion
 65527 | Vaults:3 | Noticed Mennas
 65548 | Vaults:3 | Killed Mennas
 66481 | Vaults:3 | Identified the +0 helmet "Vuan" {Contam rC+ SInv}
 66628 | Vaults:3 | Found a staircase to the Crypt.
 66693 | Vaults:3 | Found a transporter.
 66701 | Vaults:3 | Noticed Nornya's ghost (veteran MfSu)
 66871 | Vaults:3 | Found a bloodstained altar of Trog.
 66871 | Vaults:3 | Found a transporter.
 67316 | Vaults:3 | Noticed Boris
 67329 | Vaults:3 | Killed Boris
 67639 | Vaults:4 | Reached skill level 15 in Fighting
 67782 | Vaults:4 | Reached skill level 10 in Stealth
 67897 | Vaults:4 | Identified the +3 chain mail "Uhiaxuvu" {Fly Int+2}
 68417 | Vaults:4 | Identified the +11 war axe of Inconvenience {flame, Fragile
                  | rElec Will+++ SInv}
 68997 | Depths:1 | Entered Level 1 of the Depths
 69163 | Depths:1 | Identified the +8 rapier "Muc Woim" {vorpal, rCorr Int+4}
 69168 | Depths:1 | Identified the +4 barding of Wynoimp {rC+ Str+3 Dex+2}
 69248 | D:15     | Learned a level 7 spell: Dragon Form
 69505 | Depths:1 | Found a one-way gate leading to the halls of Pandemonium.
 69673 | Depths:1 | Reached XP level 22. HP: 185/194 MP: 22/36
 70340 | Depths:1 | Found a gateway to Hell.
 70962 | D:8      | Bought a book of the Moon for 560 gold pieces
 70967 | D:8      | Learned a level 4 spell: Passage of Golubria
 71305 | Depths:2 | Reached skill level 16 in Fighting
 71320 | Depths:2 | Paralysed by an air elemental for 1 turns
 71442 | Depths:2 | Got the Teachings on Freezing Metal
 71446 | Depths:2 | Learned a level 2 spell: Sublimation of Blood
 71732 | Depths:2 | Reached skill level 1 in Necromancy
 72187 | Depths:2 | Paralysed by an air elemental for 1 turns
 72212 | Depths:2 | Noticed a shard shrike
 72212 | Depths:2 | an acid blob changed into a shard shrike
 72213 | Depths:2 | a shard shrike changed into a rockslime
 72220 | Depths:2 | Noticed a golden dragon
 72220 | Depths:2 | an eleionoma changed into a golden dragon
 72223 | Depths:2 | Reached skill level 5 in Necromancy
 72223 | Depths:2 | a golden dragon changed into a shadow dragon
 72505 | Depths:2 | Paralysed by an air elemental for 1 turns
 72510 | Depths:2 | Paralysed by an air elemental for 1 turns
 72941 | Depths:2 | Identified the +8 crystal plate armour of Duhum {rN+ Str+3
                  | Dex+6}
 73087 | Depths:2 | Got the Omnibus of the Oath
 73285 | Depths:3 | Found a one-way gateway to a ziggurat.
 73429 | Depths:3 | Reached skill level 15 in Translocations
 74161 | Depths:3 | Found a runed translucent door.
 74671 | Depths:3 | Got Cycrer's Incunabulum of Concussion
 74812 | Depths:4 | Entered Level 4 of the Depths
 74816 | Depths:4 | Noticed a caustic shrike
 74817 | Depths:4 | Noticed a caustic shrike
 74823 | Depths:4 | Noticed a caustic shrike
 74922 | Depths:3 | Killed a caustic shrike
 74922 | Depths:3 | Killed a caustic shrike
 74923 | Depths:3 | Reached XP level 23. HP: 139/202 MP: 19/37
 75248 | Depths:3 | Killed a caustic shrike
 75445 | Depths:4 | Noticed a caustic shrike
 75456 | Depths:3 | Killed a caustic shrike
 76323 | Depths:4 | Noticed Boris
 76327 | Depths:4 | Killed Boris
 76881 | Depths:4 | Reached skill level 17 in Fighting
 77182 | Depths:4 | Noticed Vv
 77246 | Depths:4 | Killed Vv
 77658 | Depths:4 | Learned a level 1 spell: Necrotise
 78181 | Depths:4 | Found a gate to the Realm of Zot.
 78240 | Depths:4 | Reached skill level 18 in Fighting
 78833 | Lair:5   | Reached skill level 1 in Evocations
 79170 | Snake:1  | Killed Sagen's ghost
 80121 | Crypt:1  | Entered Level 1 of the Crypt
 80191 | Crypt:1  | Reached skill level 5 in Evocations
 80458 | Crypt:1  | Reached XP level 24. HP: 216/216 MP: 37/37
 80828 | Crypt:2  | Found a runed translucent door.
 80831 | Crypt:2  | Noticed rrossfarrar's ghost (veteran BaFi)
 81078 | Crypt:1  | HP: 16/324 [ghoul (17)]
 81674 | Crypt:2  | Noticed a dread lich
 81711 | Crypt:2  | Paralysed by something for 5 turns
 82713 | Crypt:2  | Found a transporter.
 82740 | Crypt:2  | Noticed a dread lich
 82745 | Crypt:2  | Found a radiant altar of Vehumet.
 83074 | Crypt:3  | Entered Level 3 of the Crypt
 83624 | Crypt:3  | Got the Discourse on Maleficent Rites
 83748 | Crypt:3  | Reached skill level 10 in Evocations
 83892 | Crypt:3  | Found a staircase to the Tomb.
 83932 | Crypt:3  | Identified the +7 mace of Okawaru's Castigation {speed,
                  | +Blink rPois rN++ Int-5}
 84452 | Crypt:3  | Found an ancient bone altar of Kikubaaqudgha.
 84458 | Crypt:3  | Noticed a dread lich
 84461 | Crypt:3  | Killed a dread lich
 84464 | Crypt:3  | Noticed an ancient lich
 84467 | Crypt:3  | Killed an ancient lich
 84515 | Crypt:3  | Found the +2 hood of the Assassin {Detection Stab+ Stlth++}
 84521 | Crypt:3  | Got the Tome of the Collective Brume
 84523 | Crypt:3  | Got the Book of Hoarfrost
 84582 | Crypt:3  | Noticed an ancient lich
 84587 | Crypt:3  | Killed an ancient lich
 84622 | Crypt:3  | Learned a level 3 spell: Ozocubu's Armour
 85481 | Vaults:5 | Entered Level 5 of the Vaults
 85634 | Vaults:4 | Reached skill level 15 in Invocations
 86115 | Vaults:5 | Identified the +1 battleaxe of Tender Mercy {venom, Will+
                  | Dex+6 Stlth+}
 86231 | Vaults:5 | Noticed an ancient lich
 86307 | Vaults:5 | Killed an ancient lich
 86308 | Vaults:5 | Reached skill level 20 in Unarmed Combat
 86421 | Vaults:5 | Noticed Xtahua
 86427 | Vaults:5 | Killed Xtahua
 86428 | Vaults:5 | Reached XP level 25. HP: 226/226 MP: 29/37
 86519 | Vaults:5 | Identified the +1 leather armour of the Tormentor {rPois
                  | Will+ Str-5 SInv}
 86579 | Vaults:5 | Identified the +6 scimitar of the Dead {drain, rC+ SInv}
 86862 | Vaults:5 | Identified the +4 chain mail of the Hall of Blades {rF-
                  | rN++ rCorr Str+3}
 86867 | Vaults:5 | Identified the +2 short sword "Telen" {holy, MP+9}
 87050 | Vaults:5 | Reached skill level 19 in Fighting
 87158 | Vaults:5 | Got a silver rune of Zot
 87394 | Vaults:5 | Noticed a dread lich
 87397 | Vaults:5 | Killed a dread lich
 87501 | Vaults:5 | Got Zieran's Incunable of Changing and Command
 88751 | Snake:4  | Bought a scroll of teleportation for 42 gold pieces
 88751 | Snake:4  | Bought a scroll of teleportation for 42 gold pieces
 89135 | Elf:2    | Bought a potion of heal wounds for 110 gold pieces
 89135 | Elf:2    | Bought a scroll of teleportation for 66 gold pieces
 89411 | Vaults:1 | Bought a scroll of blinking for 105 gold pieces
 89639 | Orc:2    | Bought a potion of haste for 320 gold pieces
 89639 | Orc:2    | Bought a potion of resistance for 320 gold pieces
 89639 | Orc:2    | Bought a potion of heal wounds for 160 gold pieces
 89642 | Orc:2    | Bought 2 potions of resistance for 300 gold pieces
 89642 | Orc:2    | Bought a potion of might for 60 gold pieces
 89642 | Orc:2    | Bought a potion of might for 60 gold pieces
 89642 | Orc:2    | Bought a potion of mutation for 120 gold pieces
 89790 | D:14     | Bought a scroll of teleportation for 48 gold pieces
 89790 | D:14     | Bought a scroll of fear for 64 gold pieces
 89790 | D:14     | Bought a scroll of teleportation for 48 gold pieces
 90055 | Zot:1    | Entered Level 1 of the Realm of Zot
 90135 | Depths:4 | Gained mutation: Your body sometimes deteriorates upon
                  | taking damage. [mutagenic glow]
 90145 | Depths:4 | Gained mutation: You are dopey. (Int -2) [mutagenic glow]
 90162 | Depths:4 | Gained mutation: You occasionally lose the ability to drink
                  | potions when taking damage. [mutagenic glow]
 90252 | Depths:4 | Lost mutation: Your spells are a little harder to cast, but
                  | a little more powerful. [potion of mutation]
 90252 | Depths:4 | Lost mutation: You occasionally lose the ability to drink
                  | potions when taking damage. [potion of mutation]
 90252 | Depths:4 | Lost mutation: You are dopey. (Int -2) [potion of mutation]
 90252 | Depths:4 | Gained mutation: You are somewhat resistant to further
                  | mutation. [potion of mutation]
 90927 | Zot:1    | Noticed an orb of fire
 90937 | Zot:1    | Killed an orb of fire
 91741 | Zot:1    | Reached skill level 20 in Fighting
 91845 | Zot:1    | Found a runed translucent gate.
 91845 | Zot:1    | Found a runed translucent gate.
 91846 | Zot:1    | Found a runed translucent gate.
 91849 | Zot:1    | Noticed Gupaxyh's ghost (veteran TrCA)
 91902 | Zot:1    | Killed Gupaxyh's ghost
 91908 | Zot:1    | Identified the ring of Unwun {Fire Str-2 Dex+5 Stlth+}
 91911 | Zot:1    | Identified the ring "Byor" {rElec rC+ rCorr MP+9 SInv}
 92010 | Zot:2    | Reached skill level 15 in Dodging
 92234 | Zot:2    | Found a runed translucent gate.
 92234 | Zot:2    | Found a runed translucent gate.
 92467 | Zot:2    | Found a runed translucent gate.
 92470 | Zot:2    | Noticed Mikey69's ghost (legendary DsBe)
 93205 | Zot:2    | Killed Mikey69's ghost
 93769 | Zot:3    | Reached XP level 26. HP: 242/242 MP: 37/37
 93785 | Zot:3    | Reached skill level 21 in Fighting
 93858 | Zot:3    | Got Fatzu's Disquisition on Flamy Metamorphosis
 93874 | Zot:3    | Identified the +4 scale mail "Tiusezog" {rN++ Int+5 Dex+3}
 93894 | Zot:3    | Got the Precepts of Venom and Transfiguration
 93998 | Zot:3    | Identified the +3 fire dragon scales "Maitwouw" {rPois rF++
                  | rC- Str+2}
 94819 | Zot:4    | Reached skill level 22 in Fighting
 95891 | Zot:5    | Entered Level 5 of the Realm of Zot
 95915 | Zot:5    | Reached skill level 23 in Fighting
 96539 | Zot:5    | Noticed an ancient lich
 96543 | Zot:5    | Killed an ancient lich
 96654 | Zot:5    | Reached skill level 24 in Fighting
 96677 | Zot:5    | Noticed an orb of fire
 96684 | Zot:5    | Killed an orb of fire
 96696 | Zot:5    | Noticed a dread lich
 96698 | Zot:5    | Killed a dread lich
 96829 | Zot:5    | Noticed an orb of fire
 96832 | Zot:5    | Killed an orb of fire
 96833 | Zot:5    | Noticed an orb of fire
 96840 | Zot:5    | Killed an orb of fire
 97060 | Zot:5    | Noticed a dread lich
 97066 | Zot:5    | Killed a dread lich
 97067 | Zot:5    | Reached skill level 25 in Fighting
 97087 | Zot:5    | Noticed an orb of fire
 97089 | Zot:5    | Noticed an orb of fire
 97098 | Zot:5    | Killed an orb of fire
 97099 | Zot:5    | Noticed an orb of fire
 97104 | Zot:5    | Killed an orb of fire
 97105 | Zot:5    | Reached XP level 27. HP: 266/266 MP: 10/37
 97107 | Zot:5    | Killed an orb of fire
 97117 | Zot:5    | Noticed an ancient lich
 97121 | Zot:5    | Killed an ancient lich
 97122 | Zot:5    | Reached skill level 26 in Fighting
 97724 | Zot:5    | Got the Orb of Zot
 97761 | Zot:4    | Noticed Boris
 97763 | Zot:4    | Killed Boris
 97909 | Zot:1    | Reached skill level 27 in Fighting
 98094 | Depths:4 | Noticed Camelante the pandemonium lord
 98107 | Depths:4 | Killed Camelante the pandemonium lord
 98378 | D:13     | Noticed Assass the pandemonium lord
 98597 | D:$      | Escaped with the Orb!

Illustrated notes

Levels and vault maps discovered:
D:1:      co_arrival_square_in_a_square_in_a_square, layout_basic
D:2:      layout_rooms, basic_altar, minmay_divided_ellipse, uniq_natasha
D:3:      cheibrodos_old_hovel, layout_loops_cross,
          hellmonk_ecumenical_altar_slurped_away
D:4:      layout_layer_cave, dreamdust_princess_corridor, uniq_blork_the_orc,
          uniq_sigmund
D:5:      layout_loops_ring, nicolae_ossuary_entry_monument, grunt_ministairs_9
D:6:      layout_gridville, cheibrodos_sewer_entry_drain, minmay_joined_circles
D:7:      layout_gridville, mainiacjoe_overflow_tiny_flanked,
          minmay_temple_entry_enclosed_plants, uniq_joseph, uniq_maggie
D:8:      layout_basic, david_lair_shrubbed, serial_shops,
          nicolae_shop_window_shopping, hangedman_abyss_or_decor_clamps
D:9:      layout_layer_cave, okawaru_gym_becter
D:10:     layout_big_octagon, gammafunk_temple_overflow_claw,
          mainiacjoe_overflow_boulevard, serial_column_ruins,
          column_ruins_open_small, column_ruins_columns_straight,
          column_ruins_corridor_straight, uniq_urug
D:11:     gammafunk_mikee_crab_dinner, layout_basic, david_orc_5, serial_curves,
          eino_curves_04, eino_curves_03
D:12:     layout_roguey, kennysheep_small_square, uniq_josephine
D:13:     layout_roguey [special_room_bee]
D:14:     layout_basic, ximxim_vaults_locker_room,
          hangedman_decor_clover_reticule, serial_shops, nicolae_shop_crystal,
          nicolae_shop_waterfront, nicolae_lakefront_shop, kennysheep_mini,
          nicolae_shop_statue_plus, evilmike_minifort, uniq_frances
D:15:     grunt_enter_depths_hoard, layout_loops_ring, minmay_crystal_room,
          nicolae_underground_beach, uniq_rupert, uniq_louise, uniq_roxanne
Lair:1:   layout_roguey, grunt_megastairs_2
Lair:2:   layout_regular_city, minmay_swamp_entry_wisps,
          chequers_serial_rivers_room_b, grunt_megastairs_5, uniq_harold
Lair:3:   layout_regular_city, minmay_snake_entry_guardpost_small
Lair:4:   layout_misc_corridors, hangedman_lair_unloving_vines,
          bobbens_dragon_lair_wall
Lair:5:   due_jungle_book, layout_gridlike, slime_entry_1,
          gammafunk_ghost_necromancy, grunt_megastairs_4
Swamp:1:  layout_basic_swamp, gammafunk_ghost_abyssal_escape,
          evilmike_swamp_ruin_house_5, grunt_hermit_hut,
          infiniplex_staircase_pool_2
Swamp:2:  layout_basic_swamp, evilmike_swamp_ruin_rubble_1, swamp_pool2,
          hangedman_swamp_blocks, nicolae_swamp_spriggan_camp,
          infiniplex_staircase_pool, uniq_nikola
Swamp:3:  layout_basic_swamp, evilmike_swamp_ruin_wall,
          nicolae_swamp_triple_paths
Swamp:4:  swamp_pestilence, layout_basic_swamp, swamp_pool4,
          nzn_swamp_dancing_lights
Snake:1:  layout_misc_corridors, gammafunk_ghost_arena, serial_shops,
          bzr_in_the_mist, nrook_loot_triangle
Snake:2:  layout_honeycomb, nicolae_snake_springs
Snake:3:  layout_misc_corridors, uniq_donald
Snake:4:  grunt_snake_rune_serpentine_throne, layout_cave_town, serial_shops,
          shop, nicolae_snake_horde_hoard, minmay_shop_star, uniq_mlioglotl,
          uniq_aizul, uniq_vashnia
Orc:1:    layout_caves, basic_altar, uniq_fannar
Orc:2:    grunt_orc_tribal_feast, layout_caves, basic_altar, mines5_lemuel
Elf:1:    eino_elf_arrival_sip, layout_geoelf_grid,
          kennysheep_underground_church
Elf:2:    nicolae_elf_blades_crystal_corner, layout_gridlike, serial_shops,
          nicolae_shop_advertising_works [nicolae_subvault_shop_adworks],
          basic_altar, nicolae_stop_n_shop_2, lemuel_upstairs_altar,
          minmay_shop_grove, uniq_agnes
Elf:3:    minmay_elf_hall_circle, layout_geoelf_diagonals, serial_shops, shop,
          minmay_fountain_box
Vaults:1: v_rooms_4, nicolae_vaults_big_ls, v_pattern_4, v_misc_29,
          vaults_dpeg_encased_lava, ontoclasm_vaults_gallery, v_rooms_4,
          v_rooms_3, vaults_room_fancy_cross, vaults_dpeg_ring,
          ontoclasm_vaults_fault, vaults_dpeg_doors, layout_vaults_big_room,
          serial_shops, nicolae_shop_trees
Vaults:2: vaults_dpeg_spiral, hangedman_vaults_slice,
          nicolae_vaults_little_squares_1, nicolae_vaults_mini_display_case,
          layout_vaults_omnigrid, serial_shops, bzr_firewalk
Vaults:3: gammafunk_ghost_wrathful_warriors, v_alt_pattern_3, v_misc_13,
          hangedman_vaults_unwind, nicolae_vaults_network_s,
          minmay_crypt_entry_simple_box, nicolae_vaults_murderbox,
          hangedman_vaults_slice, nicolae_vaults_theta, v_rooms_4,
          nicolae_vaults_network_star, v_misc_18, nicolae_vaults_theta,
          vaults_room_large_hall, vaults_room_pools, layout_vaults_big_cross,
          uniq_asterion, uniq_mennas, uniq_boris
Vaults:4: hangedman_vaults_impose, v_misc_8, ontoclasm_vaults_eye,
          nicolae_vaults_windows_and_doors_thing, v_rooms_4,
          hangedman_vaults_stream, v_alt_pattern_3, layout_vaults_maze_snakey
Vaults:5: serial_shops, uniq_xtahua
Crypt:1:  layout_misc_corridors, st_stairs_8, nicolae_crypt_small_crypt
Crypt:2:  gammafunk_sealed_library, layout_chaotic_city,
          ebering_ghost_reflecting_pool
Crypt:3:  quadcrypt_mu, uniq_margery
Depths:1: layout_gridville, grunt_pan_entry_sceptre, abyss_entry, hellmouth_1,
          chequers_serial_rivers_micro_d, drop_trap, kennysheep_generic_room_15,
          kennysheep_random_hallway
Depths:2: radiant_caverns_b_rkd, pan_entry, hell_entry
Depths:3: minmay_haunted_quarter, layout_honeycomb, enter_ziggurat_a,
          abyss_entry, grunt_mini_vestibule, hangedman_abyss_or_decor_passed,
          kennysheep_treasure_room
Depths:4: lemuel_castle_with_subvaults [lemuel_castle_interior_carwin_1],
          layout_cave_pools, abyss_entry, hell_entry,
          ebering_dispersal_statue_hall, hangedman_aviary, uniq_vv
Zot:1:    layout_cellular_growth, ebering_ghost_rock_garden,
          hangedman_zot_decor_tridents, uniq_josephina
Zot:2:    layout_gridlike, ebering_ghost_rock_garden
Zot:3:    layout_basic, st_large_dragon_hoard_2
Zot:4:    grunt_zot_stairs_overgrown, layout_basic
Zot:5:    layout_cathedral_of_symmetry, drop_trap

Skill      XL: |  1  2  3  4  5  6  7  8  9 10 11 12 13 14 15 16 17 18 19 20 21 22 23 24 25 26 27 |
---------------+----------------------------------------------------------------------------------+-----
Transmutations | 3 4 5 6 8 9 10 12 13 15 16 17 18 | 18.0
Unarmed Combat | 4 5 6 7 9 10 12 14 15 16 17 18 19 20 21 | 21.6
Poison Magic   | 1 4 5 |  5.0
Air Magic      | 1 3 5 6 7 11 13 16 17 18 | 18.0
Ice Magic      | 3 5 6 |  6.0
Spellcasting   | 3 4 5 7 9 10 | 10.0
Dodging        | 5 7 8 9 10 11 15 | 15.0
Fighting       | 2 7 9 11 12 13 15 16 18 20 25 27 | 27.0
Invocations    | 2 8 10 12 15 | 15.0
Translocations | 9 10 11 13 16 17 18 | 18.0
Stealth        | 5 10 | 10.0
Necromancy     | 7 9 |  9.0
Evocations     | 6 10 | 10.0

Action                   |  1- 3 |  4- 6 |  7- 9 | 10-12 | 13-15 | 16-18 | 19-21 | 22-24 | 25-27 || total
-------------------------+-------+-------+-------+-------+-------+-------+-------+-------+-------++-------
Melee: Unarmed           |    78 |   176 |   472 |   461 |  1069 |   954 |  1150 |  1387 |   883 ||  6630
       Kick              |    16 |    47 |   130 |    11 |       |       |       |       |       ||   204
       Tailslap          |     7 |    16 |    56 |    45 |   122 |       |     3 |   128 |   104 ||   481
       Headbutt          |     2 |    22 |    74 |     7 |       |       |       |       |       ||   105
       Punch             |     2 |     3 |    20 |    20 |   102 |    85 |   111 |   103 |    84 ||   530
       Mace              |       |       |       |       |     5 |       |    11 |       |       ||    16
       Flail             |       |       |       |       |     4 |       |       |       |       ||     4
       Bite              |       |       |       |       |       |       |       |   101 |    82 ||   183
       War axe           |       |       |       |       |       |       |       |     4 |     4 ||     8
 Fire: Shortbow          |       |       |       |    40 |    33 |       |       |       |       ||    73
Throw: Javelin           |       |       |     2 |       |     1 |       |       |       |       ||     3
 Cast: Beastly Appendage |    16 |    30 |    64 |     6 |       |       |       |       |       ||   116
       Wereblood         |    12 |    28 |    40 |     3 |    67 |   102 |    93 |    99 |    70 ||   514
       Poisonous Vapours |       |       |    51 |    94 |    25 |       |     8 |       |       ||   178
       Ice Form          |       |       |       |    34 |     8 |       |       |       |       ||    42
       Blade Hands       |       |       |       |    21 |    62 |       |     2 |       |       ||    85
       Storm Form        |       |       |       |       |    64 |   179 |   199 |    18 |    18 ||   478
       Swiftness         |       |       |       |       |       |     1 |       |       |       ||     1
       Manifold Assault  |       |       |       |       |       |    36 |   121 |   364 |   261 ||   782
       Dragon Form       |       |       |       |       |       |       |     5 |   163 |   111 ||   279
       Sublimation of Bl |       |       |       |       |       |       |       |    72 |    54 ||   126
       Passage of Golubr |       |       |       |       |       |       |       |     1 |       ||     1
       Necrotise         |       |       |       |       |       |       |       |     7 |       ||     7
       Ozocubu's Armour  |       |       |       |       |       |       |       |     6 |       ||     6
Invok: Greater Servant o |       |       |       |       |       |       |     2 |       |       ||     2
 Abil: Breathe Noxious F |       |       |     3 |       |       |       |       |     1 |       ||     4
       End Transformatio |       |       |       |     2 |    12 |     4 |    22 |    16 |     6 ||    62
       Blinkbolt         |       |       |       |       |    14 |    48 |    41 |       |       ||   103
Evoke: Wand              |       |       |       |     2 |       |       |       |       |     2 ||     4
  Use: Scroll            |       |       |    11 |     8 |    12 |     8 |     8 |     9 |     7 ||    63
       Potion            |       |       |     1 |       |     4 |       |     6 |     2 |     3 ||    16
 Stab: Sleeping          |       |     1 |       |       |       |       |     5 |     6 |     4 ||    16
       Distracted        |       |       |       |       |     1 |     1 |     1 |     1 |       ||     4
Armor: Skin              |    35 |    29 |   102 |   108 |   226 |   247 |   196 |   460 |   180 ||  1583
Dodge: Dodged            |    59 |   107 |   342 |   295 |   843 |   834 |   694 |   418 |   216 ||  3808
Block: Other             |       |    14 |   100 |   119 |    98 |       |       |       |       ||   331
       Reflection        |       |       |       |     3 |       |       |       |       |       ||     3
